 Dungeon Crawl Stone Soup version 0.28-a0-474-g535839065c (webtiles) character file.

Game seed: 7573282544507286095

10 meatgazer the Conjurer (level 2, -1/23 HPs)
             Began as a Gnoll Wanderer on Sept 15, 2021.
             Slain by a rat (2 damage)
             ... on level 1 of the Dungeon.
             The game lasted 00:04:42 (882 turns).

meatgazer the Conjurer (Gnoll Wanderer)              Turns: 882, Time: 00:04:42

Health: -1/23      AC:  2    Str:  8    XL:     2   Next: 20%
Magic:  2/2        EV: 11    Int: 13    God:
Gold:   0          SH:  0    Dex: 12    Spells: 0/1 levels left

rFire   . . .      SeeInvis .   a - +0 dagger
rCold   . . .      Faith    .   (no shield)
rNeg    . . .      Spirit   .   b - +0 robe
rPois   .          Reflect  .   (no helmet)
rElec   .          Harm     .   (no cloak)
rCorr   .          Rampage  .   (no gloves)
Will    .....                   (no boots)
Stlth   +.........              (no amulet)
HPRegen 0.07/turn               (no ring)
MPRegen 0.08/turn               (no ring)

@: on berserk cooldown, slowed, very slow
A: fangs 1, strong nose, distributed training
a: no special abilities


You were on level 1 of the Dungeon.
You visited 1 branch of the dungeon, and saw 1 of its levels.

Inventory:

Hand Weapons
 a - a +0 dagger (weapon)
 e - a +0 hand axe
Armour
 b - a +0 robe (worn)
Wands
 c - a wand of paralysis (15)
Potions
 f - a potion of cancellation {unknown}


   Skills:
 + Level 2.4 Fighting
 + Level 0.3 Short Blades
 + Level 0.3 Long Blades
 + Level 2.4 Axes
 + Level 0.3 Maces & Flails
 + Level 0.3 Polearms
 + Level 0.3 Staves
 + Level 0.3 Slings
 + Level 0.3 Bows
 + Level 0.3 Crossbows
 + Level 2.4 Throwing
 + Level 2.4 Armour
 + Level 0.3 Dodging
 + Level 0.3 Stealth
 + Level 0.3 Shields
 + Level 0.3 Unarmed Combat
 + Level 0.3 Spellcasting
 + Level 5.3 Conjurations
 + Level 0.2 Hexes
 + Level 0.2 Summonings
 + Level 0.2 Necromancy
 + Level 3.7 Translocations
 + Level 0.2 Transmutations
 + Level 0.2 Fire Magic
 + Level 0.2 Ice Magic
 + Level 0.2 Air Magic
 + Level 0.2 Earth Magic
 + Level 0.2 Poison Magic
 + Level 0.4 Invocations
 + Level 2.4 Evocations


You couldn't memorise any spells.
You knew the following spells:

 Your Spells              Type           Power      Damage    Failure   Level
a - Apportation           Tloc           18%        N/A       7%          1

Your spell library contained the following spells:

 Spells                   Type           Power      Damage    Failure   Level
 Lesser Beckoning         Tloc           9%         N/A       21%         3


Dungeon Overview and Level Annotations

Branches:
Dungeon (1/15)

Altars:


Innate Abilities, Weirdness & Mutations

You have very sharp teeth.
Your uncanny sense of smell can sniff out nearby items.
Your experience applies equally to all skills.


Message History

Found 23 arrows and a hand axe.
There is an open door here.
You see here 23 arrows.
A hobgoblin comes into view.
You see here a +0 hand axe.
e - a +0 hand axe The rat barely misses you.
The hobgoblin shouts!
The hobgoblin closely misses you. The hobgoblin hits you.
* * * LOW HITPOINT WARNING * * *
A rat comes into view.
Found a bubbling orange potion.
The rat bites you but does no damage. The hobgoblin completely misses you.
You see here a bubbling orange potion.
f - a bubbling orange potion The rat barely misses you.
It was a potion of berserk rage.
A red film seems to cover your vision as you go berserk!
You feel yourself moving faster!
You feel mighty! The hobgoblin hits you.
* * * LOW HITPOINT WARNING * * *
The rat closely misses you.
You feel a strong urge to attack something.
The endoplasm jiggles.
You hit the hobgoblin.
The hobgoblin is almost dead.
The hobgoblin hits you.
* * * LOW HITPOINT WARNING * * *
You hit the hobgoblin.
You kill the hobgoblin!
You feel a strong urge to attack something.
You puncture the rat!
You kill the rat!
You are no longer berserk.
You are exhausted.
You feel yourself slow down.
You hit the rat.
The rat is heavily wounded.
The rat bites you.
You die...

##..#..# ##.#.....
#K####### #.# #J#
#######.#
........######
#######......#######
#.#...KJr@...#
#...##.#####.#
#...##.# # #..###.#
#.## #.# #.. ..# ..#
###


You could see an endoplasm, a kobold and a rat.

Vanquished Creatures
  A bat (D:1)
  A giant cockroach (D:1)
  A goblin (D:1)
  2 hobgoblins (D:1)
  A frilled lizard (D:1)
  2 kobolds (D:1)
  2 rats (D:1)
10 creatures vanquished.

Notes
Turn   | Place    | Note
-------+----------+-------------------------------------------
     0 | D:1      | meatgazer the Gnoll Wanderer began the quest for the Orb.
     0 | D:1      | meatgazer set off with the following items: a +0 dagger, a
                  | +0 robe, a wand of paralysis (15); and the following spell
                  | memorised: Apportation; and the following spells available
                  | to memorise: Lesser Beckoning
     0 | D:1      | Reached XP level 1. HP: 17/17 MP: 1/1
     6 | D:1      | Noticed a black bear
     6 | D:1      | Noticed a salamander
     7 | D:1      | Noticed an iguana
   301 | D:1      | Reached XP level 2. HP: 9/23 MP: 2/2
   882 | D:1      | Slain by a rat

Illustrated notes

Levels and vault maps discovered:
D:1:      onia_arrival_zoo_common, layout_loops_corners,
          ebering_ecumenical_altar_hall, minmay_statues_item

Action                   || total
-------------------------++-------
Melee: Dagger            ||    55
       Bite              ||     4
  Use: Potion            ||     1
Armor: Robe              ||    15
Dodge: Dodged            ||    43

Table legend: (Time is in decaauts)
 A = Elapsed time spent in this place.
 B = Non-inter-level travel time spent in this place.
 C = Inter-level travel time spent in this place.
 D = Time resting spent in this place.
 E = Time spent auto-exploring this place.
 F = Levels seen in this place.
 G = Mean time per level.
                   A        B        C        D        E       F      G
               +--------+--------+--------+--------+--------+-----+--------+
         Total |    879 |    879 |      0 |    392 |    338 |   1 |  879.0 |
       Dungeon |    879 |    879 |      0 |    392 |    338 |   1 |  879.0 |
               +--------+--------+--------+--------+--------+-----+--------+

Top non-repeatable levels by time:
     D:1: 879 daAuts
